 Dungeon Crawl Stone Soup version 0.31-a0-210-gccc998df9b (webtiles) character file.

Game seed: 6864058500252516068

42 qw the Shooter (level 3, -1/21 HPs)
             Began as a Gargoyle Hexslinger on June 30, 2023.
             Slain by a gnoll
             ... wielding a +0 club
              (5 damage)
             ... on level 2 of the Dungeon.
             The game lasted 00:00:28 (1300 turns).

qw the Shooter (Gargoyle Hexslinger)                Turns: 1300, Time: 00:00:29

Health: -1/21      AC:  9    Str: 11    XL:     3   Next: 56%
Magic:  4/4        EV: 10    Int: 13    God:
Gold:   72         SH:  0    Dex: 14    Spells: 3/4 levels left

rFire   . . .        Y - +1 sling
rCold   . . .        (no shield)
rNeg    + . .        h - +0 ring mail
rPois   inf          (no helmet)
rElec   +            (no cloak)
rCorr   .            e - +0 pair of gloves
SInv    .            (no boots)
Will    .....        (no amulet)
Stlth   +            (no ring)
HPRegen 0.23/turn    (no ring)
MPRegen 0.09/turn

%: no passive effects
@: no status effects
A: sickness immunity, AC +3, negative energy resistance 1, electricity
resistance, torment resistance 1, petrification resistance
a: no special abilities


You were on level 2 of the Dungeon.
You visited 1 branch of the dungeon, and saw 3 of its levels.

You collected 72 gold pieces.


Innate Abilities, Weirdness & Mutations

You are immune to sickness and miasma.
Your stone body is resilient. (AC +3)
You are immune to poison.
You resist negative energy. (rN+)
You are resistant to electric shocks. (rElec)
You are resistant to unholy torment.
You are immune to petrification.


   Skills:
 - Level 2.0 Fighting
 - Level 3.5 Ranged Weapons
 + Level 0.0 Armour
 - Level 1.5 Dodging
 - Level 1.0 Spellcasting
 - Level 2.6 Hexes


You had 3 spell levels left.
You knew the following spells:

 Your Spells              Type           Power      Damage    Failure   Level
a - Slow                  Hex            28%        N/A       22%         1

Your spell library contained the following spells:

 Spells                   Type           Power      Damage    Failure   Level
 Inner Flame              Hex/Fire       4%         N/A       75%         3
 Portal Projectile        Hex/Tloc       8%         N/A       75%         3
 Cause Fear               Hex            3%         N/A       92%         4

Inventory:

Hand Weapons
 Y - a +1 sling (weapon)
Armour
 e - a +0 pair of gloves (worn)
 h - a +0 ring mail (worn)
Potions
 a - a potion of heal wounds {unknown}
 d - a potion of enlightenment {unknown}
 i - a potion of lignification {unknown}

Dungeon Overview and Level Annotations

Branches:
Dungeon (3/15)

Altars:

Shops:
D:2 ?


Message History

Waypoint 2 assigned to D:3.
You shoot a sling bullet.
The sling bullet closely misses the gnoll. x2
The gnoll hits you but does no damage.
You shoot a sling bullet. The sling bullet hits the gnoll.
The gnoll is moderately wounded.
The gnoll hits you but does no damage.
You shoot a sling bullet. The sling bullet hits the gnoll.
The gnoll is heavily wounded.
The gnoll hits you from afar with a +0 spear.
The gnoll barely misses you.
You shoot a sling bullet.
The sling bullet barely misses the gnoll.
The sling bullet hits the gnoll.
The gnoll is moderately wounded.
The gnoll hits you with a +0 club. The gnoll closely misses you.
1295 ||| STAIRDANCE The gnoll hits you but does no damage.
The gnoll hits you from afar with a +0 spear.
You climb upwards.
There is a stone staircase leading down here.
Enter note:
Enter note:
Enter note:
Enter note:
Enter note:
Enter note: You shoot a sling bullet.
The sling bullet barely misses the gnoll.
The gnoll hits you with a +0 flail. The gnoll hits you with a +0 club.
The gnoll closely misses you. The gnoll hits you but does no damage.
You shoot a sling bullet. The sling bullet hits the gnoll.
The gnoll is moderately wounded.
The gnoll barely misses you. The gnoll hits you with a +0 club.
You shoot a sling bullet.
The sling bullet barely misses the gnoll.
The gnoll hits you but does no damage. The gnoll closely misses you.
You shoot a sling bullet.
The sling bullet closely misses the gnoll.
The gnoll hits you with a +0 flail. The gnoll hits you with a +0 club.
You die...

# ### # #.# # #.# #
#.########## #### #..##......##
##.##
##.##.####..###############..##
#.##.# ##..##g.....%.......##
#.##.# ##.g@.############.##
#.##.# ###.....# #..#
#.##.###...###.## ##.#
#.##.....### #..##### #.#
#.....#### ##.....########.#
#..##.## ####...........#
##.##%..#### ###.##.######.#
#..####....######.\.##....# #..
#..# ####......#..######.###..


You could see 2 gnolls.

Vanquished Creatures
  3 worms (D:2)
  5 ball pythons
  3 bats (D:2)
  3 endoplasms
  4 giant cockroaches
  A goblin (D:1)
  2 hobgoblins (D:2)
  3 kobolds
  2 quokkas
  3 frilled lizards
  3 rats
32 creatures vanquished.

Notes
Turn   | Place    | Note
-------+----------+-------------------------------------------
     0 | D:1      | qw the Gargoyle Hexslinger began the quest for the Orb.
     0 | D:1      | Reached XP level 1. HP: 12/12 MP: 2/2
     0 | D:1      | 0 ||| qw: Version: 0.3-a-24-ga2abf7b
     0 | D:1      | 0 ||| qw: Game counter: 7062
     0 | D:1      | 0 ||| qw: Melee chars always use a shield: true
     0 | D:1      | 0 ||| qw: God list: Okawaru
     0 | D:1      | 0 ||| qw: Allow faded altars: false
     0 | D:1      | 0 ||| qw: Do Orc after clearing Dungeon:15 true
     0 | D:1      | 0 ||| qw: Do second Lair branch before Depths: true
     0 | D:1      | 0 ||| qw: Lair rune preference: random
     0 | D:1      | 0 ||| qw: Goals: Normal
     0 | D:1      | 0 ||| PLANNING D:1-11
    26 | D:1      | Found a faded altar of an unknown god.
   154 | D:1      | Reached XP level 2. HP: 16/16 MP: 3/3
   569 | D:1      | 569 ||| READING scroll labelled WOAFYO ILOLL.
   570 | D:1      | 570 ||| DRINKING 2 brown potions.
   571 | D:1      | 571 ||| DROPPING scroll of poison.
   572 | D:1      | 572 ||| DROPPING potion of invisibility.
   594 | D:2      | Reached skill level 3 in Ranged Weapons
   731 | D:2      | Found Kanuakunta's Magic Scroll Shop.
   737 | D:2      | 737 ||| SHOPLISTING scroll of enchant armour (105 gold,
                  | have 26).
   737 | D:2      | 737 ||| SHOPLISTING scroll of identify (28 gold, have 26).
   737 | D:2      | 737 ||| SHOPLISTING scroll of teleportation (42 gold, have
                  | 26).
   751 | D:2      | Reached XP level 3. HP: 21/21 MP: 4/4
   850 | D:2      | Identified the +0 leather armour of Elyvilon's Displeasure
                  | {rCorr Str+5 Slay-2}
  1072 | D:2      | HP: 2/21 [worm (8)]
  1077 | D:2      | HP: 1/21 [worm (3)]
  1222 | D:2      | 1222 ||| UPGRADING to +0 pair of gloves.
  1227 | D:2      | 1227 ||| UPGRADING to +0 leather armour of Elyvilon's
                  | Displeasure {rCorr Str+5 Slay-2}.
  1237 | D:2      | 1237 ||| DROPPING +0 robe.
  1238 | D:2      | 1238 ||| UPGRADING to +0 ring mail.
  1248 | D:2      | 1248 ||| DROPPING +0 leather armour of Elyvilon's
                  | Displeasure {rCorr Str+5 Slay-2}.
  1249 | D:2      | 1249 ||| READING scroll labelled LAOCZUKLAENK.
  1250 | D:2      | 1250 ||| READING scroll labelled ENWETZ XAHIUL.
  1295 | D:3      | 1295 ||| STAIRDANCE
  1300 | D:2      | HP: 4/21 [gnoll/+0 flail (2)]
  1300 | D:2      | Slain by a gnoll

Levels and vault maps discovered:
D:1:      dpeg_arrival_tiny_a, layout_basic,
          hellmonk_ecumenical_altar_heavens_door
D:2:      layout_rooms, serial_shops, shop, patterned_corridor
D:3:      layout_loops_corners, small_statue_intersection, nicolae_the_louvre

Skill      XL: |  1  2  3 |
---------------+----------+-----
Ranged Weapons | 3 |  3.5
Fighting       | 2 |  2.0
Dodging        | |  1.5
Spellcasting   | |  1.0
Hexes          | |  2.6

Action                     || total
---------------------------++-------
   Fire: Sling             ||   103
    Use: Scroll            ||     3
         Potion            ||     1
 Armour: Robe              ||     8
         Ring mail         ||     5
  Dodge: Dodged            ||    24

Table legend:
 A = Non-vault XP
 B = Vault XP
 C = Vault XP percentage of total XP
 D = Non-vault monster count
 E = Vault monster count
 F = Vault count percentage of total count
                 A         B        C        D         E       F
            +---------+---------+-------+---------+---------+-------
      Total |      61 |       0 |   0.0 |      32 |       0 |   0.0
            +---------+---------+-------+---------+---------+-------
        D:1 |      18 |       0 |   0.0 |      12 |       0 |   0.0
        D:2 |      43 |       0 |   0.0 |      20 |       0 |   0.0
            +---------+---------+-------+---------+---------+-------
